[Event "Early-Titled-Tuesday-Blitz-April-16-2024"]
[Site "Chess.com"]
[Date "2024.04.16"]
[Round "6"]
[White "JonasEilenberg"]
[Black "UK_23"]
[Result "1-0"]
[WhiteElo "2627"]
[BlackElo "2483"]
[TimeControl "180+1"]
[EndTime "9:03:53 PDT"]
[Termination "JonasEilenberg won by resignation"]

1. d4 Nf6 2. c4 c5 3. d5 e6 4. Nc3 exd5 5. cxd5 d6 6. e4 g6 7. h3 Bg7 8. Nf3 O-O 9. Bd3 b5 10. Nxb5 Nxe4 11. Bxe4 Qa5+ 12. Nc3 Re8 13. Ng5 h6 14. Ne6 Bxc3+ 15. bxc3 Ba6 16. Bd2 fxe6 17. Bxg6 exd5+ 18. Bxe8 1-0

[Event "Early-Titled-Tuesday-Blitz-April-16-2024"]
[Site "Chess.com"]
[Date "2024.04.16"]
[Round "6"]
[White "Squirlolz"]
[Black "Harry_Rakkel"]
[Result "0-1"]
[WhiteElo "2576"]
[BlackElo "2745"]
[TimeControl "180+1"]
[EndTime "9:03:57 PDT"]
[Termination "Harry_Rakkel won by resignation"]

1. e4 c6 2. c3 d5 3. e5 Bf5 4. Nf3 e6 5. Be2 a5 6. O-O a4 7. Na3 h6 8. Nc2 Ne7 9. Ne3 Bh7 10. d4 b5 11. Ne1 Nd7 12. Bd3 Bxd3 13. Nxd3 h5 14.
f4 g6 15. g3 Nc8 16. h3 Ncb6 17. Kg2 Nc4 18. Qf3 Qb6 19. g4 Be7 20. f5 hxg4 21.
hxg4 gxf5 22. gxf5 O-O-O 23. Nxc4 bxc4 24. Nf4 Rdg8+ 25. Kf2 Nxe5 26. Qd1 Rh2+ 27. Ke1 Bh4+ 0-1

[Event "Early-Titled-Tuesday-Blitz-April-16-2024"]
[Site "Chess.com"]
[Date "2024.04.16"]
[Round "6"]
[White "ArmanGhevondyanchess"]
[Black "Yonousomodulo"]
[Result "0-1"]
[WhiteElo "2594"]
[BlackElo "2438"]
[TimeControl "180+1"]
[EndTime "9:03:57 PDT"]
[Termination "Yonousomodulo won by checkmate"]

1. e4 c6 2. d4 d5 3. exd5 cxd5 4. Nf3 Nc6 5. c3 e6 6. Bd3 Bd6 7. O-O Nge7 8. Be3 O-O 9. Nbd2 f6 10. Re1 e5 11. dxe5 fxe5 12. Bg5 e4 13. Bxe7 Nxe7 14. Nxe4 dxe4 15. Bxe4 Qb6 16. Bxh7+ Kxh7 17. Ng5+ Kg8 18. Qh5 Qxf2+ 19. Kh1 Bf5 20. Rf1 Bg6 21. Qh4 Qxf1+ 22. Rxf1 Rxf1# 0-1

[Event "Early-Titled-Tuesday-Blitz-April-16-2024"]
[Site "Chess.com"]
[Date "2024.04.16"]
[Round "6"]
[White "VerdeNotte"]
[Black "only_strong_moves"]
[Result "1-0"]
[WhiteElo "2880"]
[BlackElo "2641"]
[TimeControl "180+1"]
[EndTime "9:04:12 PDT"]
[Termination "VerdeNotte won by resignation"]

1. e4 d5 2. exd5 Qxd5 3. Nc3 Qa5 4. Nf3 Nf6 5. Bc4 Bf5 6. d3 e6 7. Bd2 c6 8. Nd5 Qd8 9. Nxf6+ Qxf6 10. Bc3 Qh6 11. Nd4 Bg6 12. h4 e5 13. Qe2 Be7 14.
Bd2 exd4 15. Bxh6 gxh6 16. h5 Bf5 17. Qe5 1-0

[Event "Early-Titled-Tuesday-Blitz-April-16-2024"]
[Site "Chess.com"]
[Date "2024.04.16"]
[Round "6"]
[White "Alexei_Gubajdullin"]
[Black "NusratAlo"]
[Result "1-0"]
[WhiteElo "2621"]
[BlackElo "1906"]
[TimeControl "180+1"]
[EndTime "9:04:12 PDT"]
[Termination "Alexei_Gubajdullin won by resignation"]

1. Nf3 d5 2. g3 Nf6 3. Bg2 c6 4. O-O Nbd7 5. d3 g6 6. Nbd2 Bg7 7. e4 O-O 8. Qe2 dxe4 9. dxe4 e5 10. Nc4 Qc7 11. a4 Re8 12. Rd1 Bf8 13. a5 a6 14.
Be3 c5 15. Nfd2 b5 16. axb6 Nxb6 17. Nxb6 Qxb6 18. Nc4 Qc6 19. Bg5 Bb7 20. Na5 Qb6 21.
Nxb7 Qxb7 22. Bxf6 Qxb2 23. Rab1 Qc3 24. Rb7 a5 25.
Rdd7 a4 26. Rxf7 a3 27. Rxh7 Bg7 28. Rbxg7+ 1-0

[Event "Early-Titled-Tuesday-Blitz-April-16-2024"]
[Site "Chess.com"]
[Date "2024.04.16"]
[Round "6"]
[White "Firouzja2003"]
[Black "Vse_po_kaify"]
[Result "1-0"]
[WhiteElo "3033"]
[BlackElo "2596"]
[TimeControl "180+1"]
[EndTime "9:04:13 PDT"]
[Termination "Firouzja2003 won by resignation"]

1. e4 e5 2. Nf3 Nf6 3. Nxe5 d6 4. Nf3 Nxe4 5. d4 d5 6. Bd3 Bd6 7. O-O O-O 8. Re1 Re8 9. Nbd2 Nxd2 10. Bxd2 h6 11.
Ne5 Nc6 12. Qh5 Nxe5 13. dxe5 Bf8 14. f4 c5 15. c3 d4 16. c4 Qc7 17. Re2 b5 18. Rae1 Bb7 19. e6 fxe6 20. Qg6 Bd6 21.
Rxe6 Rxe6 22. Rxe6 Rd8 23. Rf6 1-0

[Event "Early-Titled-Tuesday-Blitz-April-16-2024"]
[Site "Chess.com"]
[Date "2024.04.16"]
[Round "6"]
[White "B_nn_t"]
[Black "Flawless_Fighter"]
[Result "0-1"]
[WhiteElo "2550"]
[BlackElo "2764"]
[TimeControl "180+1"]
[EndTime "9:04:44 PDT"]
[Termination "Flawless_Fighter won by resignation"]

1. e4 c6 2. Nf3 d5 3. Nc3 Bg4 4. h3 Bxf3 5. Qxf3 e6 6. Be2 Nd7 7. O-O Bc5 8. Rd1 Bd4 9. Qf4 Qf6 10. Qxf6 Ngxf6 11. exd5 cxd5 12. Nb5 Bb6 13. d4 a6 14. Na3 Rc8 15. c3 O-O 16. g4 Ne4 17. Bf4 Bc7 18. Bxc7 Rxc7 19. Kg2 f5 20. f3 Nd6 21. Bd3 Nb6 22.
Re1 Kf7 23. Re2 g6 24. Rae1 Re8 25. Nc2 Ree7 26. Ne3 Na4 27. Nxd5 0-1

[Event "Early-Titled-Tuesday-Blitz-April-16-2024"]
[Site "Chess.com"]
[Date "2024.04.16"]
[Round "6"]
[White "ansko1999"]
[Black "ViratKohl_i"]
[Result "1-0"]
[WhiteElo "2643"]
[BlackElo "2525"]
[TimeControl "180+1"]
[EndTime "9:04:46 PDT"]
[Termination "ansko1999 won by resignation"]

1. c4 e5 2. Nf3 Nc6 3. d4 Bb4+ 4. Bd2 Bxd2+ 5. Qxd2 exd4 6. Nxd4 Nf6 7. Nxc6 bxc6 8. g3 O-O 9. Bg2 Rb8 10. Nc3 c5 11.
O-O d6 12. Rad1 Bb7 13. b3 Bxg2 14. Kxg2 Qe8 15. Qd3 Qc6+ 16. Nd5 Nxd5 17. Qxd5 Qxd5+ 18. Rxd5 a5 19. e4 Rfe8 20. e5 Rb6 21. Rfd1 Re6 22. Rxc5 g6 23. exd6 1-0

[Event "Early-Titled-Tuesday-Blitz-April-16-2024"]
[Site "Chess.com"]
[Date "2024.04.16"]
[Round "6"]
[White "vladgoncharov"]
[Black "Hui_Li_Macau"]
[Result "1-0"]
[WhiteElo "2614"]
[BlackElo "2408"]
[TimeControl "180+1"]
[EndTime "9:04:51 PDT"]
[Termination "vladgoncharov won by resignation"]

1. d4 d5 2. c4 e6 3. Nc3 Nf6 4. cxd5 Nxd5 5. e4 Nxc3 6. bxc3 c5 7. Bb5+ Bd7 8. Bd3 Nc6 9. Ne2 cxd4 10. cxd4 Bb4+ 11. Bd2 Qa5 12. Rb1 Bxd2+ 13. Qxd2 Qxd2+ 14. Kxd2 b6 15. Rhc1 Ke7 16. Ba6 Rab8 17. Ke3 Rhd8 18. f4 f6 19. d5 exd5 20. exd5 Na5 21. Rc7 Kd6 22. Rbc1 Bc8 23. Bxc8 1-0

[Event "Early-Titled-Tuesday-Blitz-April-16-2024"]
[Site "Chess.com"]
[Date "2024.04.16"]
[Round "6"]
[White "Timerkhanov"]
[Black "ActorXu"]
[Result "1-0"]
[WhiteElo "2641"]
[BlackElo "2834"]
[TimeControl "180+1"]
[EndTime "9:05:04 PDT"]
[Termination "Timerkhanov won by resignation"]

1. d4 Nf6 2. Bg5 d5 3. Nd2 c5 4.
dxc5 Nbd7 5. b4 a5 6. a3 e6 7. e3 h6 8. Bh4 b6 9. c6 Ne5 10. b5 Bc5 11. Ngf3 Ng6 12. Bg3 Qe7 13. a4 e5 14. Be2 O-O 15. O-O Bf5 16. c4 d4 17.
exd4 exd4 18. Nb3 d3 19. Bxd3 Rfd8 20. Bxf5 Rxd1 21. Raxd1 Nh5 22. Rfe1 Qf6 23. Nxc5 Nxg3 24. hxg3 Qxf5 25. Nd7 1-0

[Event "Early-Titled-Tuesday-Blitz-April-16-2024"]
[Site "Chess.com"]
[Date "2024.04.16"]
[Round "6"]
[White "Fernando_Offermann"]
[Black "kachsona"]
[Result "0-1"]
[WhiteElo "2454"]
[BlackElo "2621"]
[TimeControl "180+1"]
[EndTime "9:05:11 PDT"]
[Termination "kachsona won by resignation"]

1. Nf3 d5 2. g3 Nc6 3. d4 Bg4 4. Bg2 Qd7 5. c4 e6 6. Nc3 Nf6 7. Qa4 Bxf3 8. Bxf3 Nxd4 9. Qxd7+ Kxd7 10. Kd1 Nxf3 11.
exf3 dxc4 12. Kc2 Bc5 13. Rd1+ Ke7 14. Be3 Bxe3 15. fxe3 Rad8 16. e4 Nd7 17. Nb5 c6 18. Nd6 Ne5 19. Nxb7 Rxd1 20. Rxd1 Nxf3 21. Na5 Ne5 22.
Kc3 h5 23. Nxc4 Nxc4 24. Kxc4 h4 25. g4 Rd8 26. Rxd8 Kxd8 27. Kc5 Kd7 28. e5 f6 29. Kd4 Kc7 30. b4 Kb6 31. Kc4 f5 32. gxf5 exf5 33. e6 Kc7 34. Kc5 g5 35. e7 Kd7 36. e8=Q+ Kxe8 37. Kxc6 f4 0-1

[Event "Early-Titled-Tuesday-Blitz-April-16-2024"]
[Site "Chess.com"]
[Date "2024.04.16"]
[Round "6"]
[White "Masterbeaterr"]
[Black "Fjal"]
[Result "1-0"]
[WhiteElo "2485"]
[BlackElo "2311"]
[TimeControl "180+1"]
[EndTime "9:05:12 PDT"]
[Termination "Masterbeaterr won by resignation"]

1. d4 d6 2. e4 g6 3. Nc3 Bg7 4.
Bg5 a6 5. Nf3 b5 6. Bd3 Bb7 7.
Qe2 c5 8. dxc5 dxc5 9. O-O-O Qa5 10. Qd2 b4 11. Nd5 Qxa2 12. Nc7+ Kf8 13. Qe3 Bxb2+ 14. Kd2 Kg7 15. Qxc5 Nd7 16. Qxb4 Rb8 17. Bc4 Ba3 18. Qc3+ 1-0

[Event "Early-Titled-Tuesday-Blitz-April-16-2024"]
[Site "Chess.com"]
[Date "2024.04.16"]
[Round "6"]
[White "UnTucopalaTimba"]
[Black "MaiqMaster"]
[Result "0-1"]
[WhiteElo "2027"]
[BlackElo "2431"]
[TimeControl "180+1"]
[EndTime "9:05:15 PDT"]
[Termination "MaiqMaster won by resignation"]

1. e4 c5 2. Nf3 e6 3. c3 Nf6 4. e5 Nd5 5. d4 cxd4 6. cxd4 d6 7.
Nc3 Nxc3 8. bxc3 Qc7 9. Qb3 Nd7 10. Bf4 dxe5 11. Nxe5 Bd6 12. Bb5 O-O 13. Bxd7 Bxd7 14. Nxd7 Qxd7 15. Bxd6 Qxd6 16. Qxb7 Rfc8 17. Qf3 Qa3 18.
O-O Qxc3 19. Qe4 Rd8 20. Rfd1 Rac8 21. a4 Rc4 22. Qb7 Rcxd4 23. Rdc1 Qxc1+ 24. Rxc1 Rd1+ 0-1

[Event "Early-Titled-Tuesday-Blitz-April-16-2024"]
[Site "Chess.com"]
[Date "2024.04.16"]
[Round "6"]
[White "Djager97"]
[Black "cristiano78"]
[Result "0-1"]
[WhiteElo "2556"]
[BlackElo "2285"]
[TimeControl "180+1"]
[EndTime "9:05:18 PDT"]
[Termination "cristiano78 won by resignation"]

1. e4 c5 2. Nf3 d6 3. d4 cxd4 4. Nxd4 Nf6 5. Nc3 g6 6. Be2 Bg7 7.
O-O O-O 8. Kh1 Nc6 9. f4 Nxe4 10. Nxe4 Nxd4 11. Be3 Nxe2 12. Qxe2 b6 13. c3 Bb7 14. Bd4 e5 15. fxe5 dxe5 16. Bf2 Qe7 17. Bg3 f5 18. Nd2 Rae8 19. Nc4 f4 20. Be1 e4 21. Bd2 f3 22.
gxf3 exf3 23. Qf2 Ba6 24. Rfe1 Qf6 25. b3 Bb7 26. Rad1 Re2 0-1

[Event "Early-Titled-Tuesday-Blitz-April-16-2024"]
[Site "Chess.com"]
[Date "2024.04.16"]
[Round "6"]
[White "ChelsieMonica"]
[Black "Aragon"]
[Result "1-0"]
[WhiteElo "2552"]
[BlackElo "2046"]
[TimeControl "180+1"]
[EndTime "9:05:24 PDT"]
[Termination "ChelsieMonica won by checkmate"]

1. e4 a6 2. Nf3 e6 3. Nc3 b5 4. a4 b4 5. Ne2 Bb7 6. Ng3 Nf6 7. d3 d5 8. exd5 Nxd5 9. Be2 h5 10. O-O h4 11.
Ne4 h3 12. g3 Be7 13. c4 Nf6 14. Nxf6+ Bxf6 15. d4 Nc6 16. Be3 Ne7 17. a5 Nf5 18. Qb3 Qd6 19. Rfd1 O-O-O 20. Rac1 g5 21. d5 g4 22. c5 Bxd5 23. cxd6 Bxb3 24. Bxa6+ Kb8 25.
dxc7+ Ka8 26. Rxd8+ Rxd8 27. cxd8=Q+ Bxd8 28. Rc8# 1-0

[Event "Early-Titled-Tuesday-Blitz-April-16-2024"]
[Site "Chess.com"]
[Date "2024.04.16"]
[Round "6"]
[White "LileKoridze"]
[Black "sathvikadiga"]
[Result "0-1"]
[WhiteElo "2382"]
[BlackElo "2584"]
[TimeControl "180+1"]
[EndTime "9:05:28 PDT"]
[Termination "sathvikadiga won by checkmate"]

1. d4 Nf6 2. c4 g6 3. Nc3 Bg7 4. e4 d6 5. Nf3 O-O 6. Be2 e5 7.
O-O exd4 8. Nxd4 Re8 9. f3 c6 10. Bg5 Qb6 11. Na4 Qa5 12. Bd2 Qc7 13. Be3 d5 14.
cxd5 cxd5 15. Nb5 Qd8 16. Bf4 Na6 17. Nd6 Re6 18. e5 Nh5 19. Be3 Bxe5 20. Nxc8 Rxc8 21.
Bf2 Nf4 22. Bxa6 Rxa6 23. Re1 Qg5 24. g3 Nh3+ 25. Kg2 Nxf2 26. Kxf2 Rac6 27. Re2 Rc1 28.
Rxc1 Rxc1 29. Qb3 Bd4+ 30. Kg2 Rg1+ 31. Kh3 Qh5# 0-1

[Event "Early-Titled-Tuesday-Blitz-April-16-2024"]
[Site "Chess.com"]
[Date "2024.04.16"]
[Round "6"]
[White "Dinosaurio_1975"]
[Black "Evgeny81"]
[Result "0-1"]
[WhiteElo "2578"]
[BlackElo "2768"]
[TimeControl "180+1"]
[EndTime "9:05:36 PDT"]
[Termination "Evgeny81 won by resignation"]

1. e4 e6 2. d4 d5 3. e5 c5 4.
c3 Bd7 5. Nf3 Qb6 6. Be2 Bb5 7.
dxc5 Bxc5 8. b4 Bxe2 9. Qxe2 Be7 10. O-O Qa6 11. Qc2 Nd7 12. a4 Qc6 13. Na3 Rc8 14. Nb5 a6 15. Nfd4 Qc4 16. Nd6+ Bxd6 17. exd6 Qxd4 18. Be3 Qc4 19. Rfd1 Ngf6 20. Rd4 Qc6 21. c4 Qxd6 22. c5 Qe5 23. Rad1 O-O 24. Bf4 Qh5 25. R4d3 e5 26. Rh3 Qg6 27. Qxg6 hxg6 28. Bg5 a5 29. Rb1 axb4 30. Rxb4 Nxc5 31. Rb5 Nxa4 32. Rxb7 Rb8 33. Rhb3 Rxb7 34. Rxb7 Ne4 35. Be3 d4 36. Bc1 Rc8 37. Ba3 Rc3 38. f3 Rxa3 39. fxe4 Nc3 40.
Re7 Ra5 41. Re8+ Kh7 42. Re7 f6 0-1

[Event "Early-Titled-Tuesday-Blitz-April-16-2024"]
[Site "Chess.com"]
[Date "2024.04.16"]
[Round "6"]
[White "bescmelasti"]
[Black "chess_blitz00"]
[Result "0-1"]
[WhiteElo "2626"]
[BlackElo "2518"]
[TimeControl "180+1"]
[EndTime "9:05:37 PDT"]
[Termination "chess_blitz00 won by resignation"]

1. Nf3 Nf6 2. g3 d5 3. Bg2 Nc6 4. O-O e5 5. d3 Bd6 6. Nc3 Be6 7.
Ng5 Qd7 8. Nxe6 fxe6 9. e4 d4 10. Ne2 O-O-O 11. a3 Rdg8 12. b4 g5 13. b5 Nb8 14. a4 h5 15. Rb1 h4 16. a5 hxg3 17. fxg3 Rg6 0-1

[Event "Early-Titled-Tuesday-Blitz-April-16-2024"]
[Site "Chess.com"]
[Date "2024.04.16"]
[Round "6"]
[White "jbking07"]
[Black "Bykov_Egor"]
[Result "0-1"]
[WhiteElo "2424"]
[BlackElo "2577"]
[TimeControl "180+1"]
[EndTime "9:05:44 PDT"]
[Termination "Bykov_Egor won by resignation"]

1. e4 c6 2. d4 d5 3. Nc3 dxe4 4.
Nxe4 Bf5 5. Ng3 Bg6 6. h4 h6 7. c3 Nf6 8. Bd3 Bxd3 9. Qxd3 e6 10. Bf4 Nbd7 11. Nf3 Be7 12. Be5 Qb6 13. O-O a5 14.
Bxf6 Nxf6 15. Ne5 a4 16. b4 axb3 17. axb3 O-O 18. b4 Qb5 19. Qd2 Rfd8 20. Rfc1 Rxa1 21. Rxa1 Qxe5 0-1

[Event "Early-Titled-Tuesday-Blitz-April-16-2024"]
[Site "Chess.com"]
[Date "2024.04.16"]
[Round "6"]
[White "abc_xyz4744"]
[Black "LionKing2367890"]
[Result "1-0"]
[WhiteElo "2391"]
[BlackElo "2151"]
[TimeControl "180+1"]
[EndTime "9:05:44 PDT"]
[Termination "abc_xyz4744 won by resignation"]

1. e4 e5 2. Nf3 Nc6 3. Bc4 Bc5 4. c3 Nf6 5. d3 a6 6. Nbd2 d6 7. Bb3 Ba7 8. O-O Be6 9. Re1 O-O 10. Nf1 Re8 11. h3 d5 12. Bg5 dxe4 13. dxe4 Qe7 14. Ng3 h6 15. Bh4 Rad8 16. Qe2 Bxb3 17. Nf5 Qe6 18.
axb3 g5 19. Nxh6+ Kf8 20. Nxg5 Qd6 21. Ngxf7 1-0

[Event "Early-Titled-Tuesday-Blitz-April-16-2024"]
[Site "Chess.com"]
[Date "2024.04.16"]
[Round "6"]
[White "ExchangeAB"]
[Black "Bwert2602"]
[Result "1-0"]
[WhiteElo "2427"]
[BlackElo "2242"]
[TimeControl "180+1"]
[EndTime "9:05:45 PDT"]
[Termination "ExchangeAB won by resignation"]

1. d4 Nf6 2. Nf3 c5 3. e3 cxd4 4. exd4 d5 5. Bd3 Nc6 6. c3 Bg4 7. Nbd2 e6 8. O-O Bd6 9. h3 Bh5 10. Re1 Bg6 11. Bxg6 hxg6 12. Ne5 Qc7 13. Ndf3 Nd7 14. Nxd7 Kxd7 15. Be3 Rh5 16. b3 Rah8 17. c4 Ne7 18. c5 Bf4 19. b4 Bxe3 20. Rxe3 g5 21. Ne5+ Ke8 22. Qa4+ Nc6 23. b5 Nxe5 24. Rxe5 b6 25. cxb6 axb6 26. Ree1 g4 27. Rec1 Qf4 28. Qa7 1-0

[Event "Early-Titled-Tuesday-Blitz-April-16-2024"]
[Site "Chess.com"]
[Date "2024.04.16"]
[Round "6"]
[White "LubovMarkelova"]
[Black "BallottiLuca"]
[Result "0-1"]
[WhiteElo "2173"]
[BlackElo "2373"]
[TimeControl "180+1"]
[EndTime "9:05:49 PDT"]
[Termination "BallottiLuca won by resignation"]

1. e4 Nf6 2. e5 Nd5 3. d4 d6 4. c4 Nb6 5. exd6 exd6 6. Nc3 Be7 7. Be3 O-O 8. Rc1 Re8 9. Nf3 Bg4 10. Be2 Nc6 11. b3 Bxf3 12. Bxf3 Bg5 13. Qd2 Bxe3 14. fxe3 Qh4+ 15. Kf1 Qg5 16. Re1 Re7 17. h4 Qf6 18. Ne4 Rxe4 0-1

[Event "Early-Titled-Tuesday-Blitz-April-16-2024"]
[Site "Chess.com"]
[Date "2024.04.16"]
[Round "6"]
[White "Kotofeyca"]
[Black "UmarovSabir"]
[Result "1-0"]
[WhiteElo "2493"]
[BlackElo "2297"]
[TimeControl "180+1"]
[EndTime "9:05:50 PDT"]
[Termination "Kotofeyca won on time"]

1. d4 c6 2. c4 d6 3. Nc3 g6 4.
e4 Bg7 5. Be3 a6 6. Qd2 b5 7. b3 b4 8. Na4 c5 9. O-O-O cxd4 10.
Bxd4 Nf6 11. Nb6 Nc6 12. Bxf6 1-0

[Event "Early-Titled-Tuesday-Blitz-April-16-2024"]
[Site "Chess.com"]
[Date "2024.04.16"]
[Round "6"]
[White "Iball95"]
[Black "RTFrancisco"]
[Result "1-0"]
[WhiteElo "2892"]
[BlackElo "2631"]
[TimeControl "180+1"]
[EndTime "9:05:55 PDT"]
[Termination "Iball95 won by resignation"]

1. e4 e5 2. Nf3 Nc6 3. Nc3 Nf6 4.
Bb5 Nd4 5. Nxd4 exd4 6. e5 dxc3 7.
exf6 cxd2+ 8. Bxd2 Qxf6 9. O-O Be7 10. Bc3 Qb6 11. Re1 Kd8 12. Qe2 Re8 13. Rad1 c6 14. Bc4 d5 15. Bxg7 Be6 16. Bb3 Kd7 17. c4 Bd6 18. cxd5 cxd5 19. Ba4+ Kc7 20. Rc1+ Kb8 21. Bxe8 1-0

[Event "Early-Titled-Tuesday-Blitz-April-16-2024"]
[Site "Chess.com"]
[Date "2024.04.16"]
[Round "6"]
[White "GrotBchess"]
[Black "KorolDimitriy75"]
[Result "1-0"]
[WhiteElo "2447"]
[BlackElo "2308"]
[TimeControl "180+1"]
[EndTime "9:06:01 PDT"]
[Termination "GrotBchess won on time"]

1. e4 c5 2. Nf3 d6 3. Bb5+ Nd7 4. c3 Nf6 5. Qe2 a6 6. Bd3 g6 7. O-O Bg7 8. Bc2 e5 9. d4 exd4 10. cxd4 cxd4 11. Nxd4 O-O 12. Bf4 Re8 13. Nf3 d5 14. e5 Ng4 15. Qd2 Ndxe5 16. Nxe5 Nxe5 17. Nc3 d4 18. Ne4 d3 19. Bb3 Bf5 20. Ng5 Re7 21. Rfe1 Bf6 22.
Rxe5 Bxe5 23. Bxe5 1-0

[Event "Early-Titled-Tuesday-Blitz-April-16-2024"]
[Site "Chess.com"]
[Date "2024.04.16"]
[Round "6"]
[White "MathiasWomacka"]
[Black "VD_coach"]
[Result "0-1"]
[WhiteElo "2482"]
[BlackElo "2638"]
[TimeControl "180+1"]
[EndTime "9:06:04 PDT"]
[Termination "VD_coach won by resignation"]

1. e4 c5 2. Nf3 d6 3. d4 cxd4 4. Nxd4 Nf6 5. Nc3 g6 6. Be3 Bg7 7. f3 O-O 8. Qd2 Nc6 9. O-O-O Nxd4 10. Bxd4 Be6 11. Kb1 Qc7 12. h4 Rfc8 13. h5 Qa5 14. hxg6 hxg6 15. a3 Rab8 16. Bd3 b5 17. Qg5 d5 18.
Nxd5 Bxd5 19. exd5 b4 20. axb4 Rxb4 21. c4 Rcb8 22.
Bxg6 Rxb2+ 23. Bxb2 Rxb2+ 24. Kxb2 Ne4+ 25. Kb3 Nc5+ 26. Kc2 Qc3+ 0-1

[Event "Early-Titled-Tuesday-Blitz-April-16-2024"]
[Site "Chess.com"]
[Date "2024.04.16"]
[Round "6"]
[White "ViktoriyaTarasova"]
[Black "NovoselovRoman"]
[Result "0-1"]
[WhiteElo "2361"]
[BlackElo "2593"]
[TimeControl "180+1"]
[EndTime "9:06:05 PDT"]
[Termination "NovoselovRoman won by resignation"]

1. d4 Nf6 2. c3 g6 3. Nf3 Bg7 4. Bf4 O-O 5. h3 d6 6. e3 c5 7.
Nbd2 b6 8. Qc2 Bb7 9. Be2 Nbd7 10. O-O Rc8 11. a4 Nd5 12. Bh2 cxd4 13. exd4 a5 14. Qb3 Qc7 15. Rfe1 N7f6 16. Bb5 Rfd8 17. Re2 e6 18. Rae1 Ne7 19. Qc2 Nfd5 20. Qb1 Bh6 21. Nc4 Nf4 22. Bxf4 Bxf4 23. Nfd2 h5 24. Na3 Nf5 25.
Ne4 Kg7 26. Bd3 Bh6 27. Nb5 Qe7 28. f3 h4 29. b4 Bf4 30. bxa5 bxa5 31. c4 e5 32. d5 Ba6 33. Qb2 Qb7 34. Nec3 Qb6+ 35. Rf2 Bg3 36. Kf1 Ne3+ 37. Kg1 Nxc4 38. Bxc4 Rxc4 39. Ne4 Rb4 40. Qc3 Rxe4 0-1

[Event "Early-Titled-Tuesday-Blitz-April-16-2024"]
[Site "Chess.com"]
[Date "2024.04.16"]
[Round "6"]
[White "margarita_2703"]
[Black "dosto07"]
[Result "0-1"]
[WhiteElo "2347"]
[BlackElo "2520"]
[TimeControl "180+1"]
[EndTime "9:06:07 PDT"]
[Termination "dosto07 won by resignation"]

1. e4 e5 2. Nf3 Nc6 3. Bc4 Bc5 4.
O-O Nf6 5. d4 Bxd4 6. Nxd4 Nxd4 7. Bg5 d6 8. f4 Be6 9. Nd2 c6 10. c3 Nb5 11. Bxb5 cxb5 12. fxe5 dxe5 13. Bxf6 gxf6 14. Qe2 Qb6+ 15. Kh1 O-O-O 16. Rxf6 Bc4 17. Qf2 Rxd2 18. Qf5+ Be6 19. Qxe5 Rhd8 20. Raf1 Rxb2 21. Qf4 Rxa2 0-1

[Event "Early-Titled-Tuesday-Blitz-April-16-2024"]
[Site "Chess.com"]
[Date "2024.04.16"]
[Round "6"]
[White "Boorchess"]
[Black "diamonds13"]
[Result "1-0"]
[WhiteElo "2512"]
[BlackElo "2340"]
[TimeControl "180+1"]
[EndTime "9:06:08 PDT"]
[Termination "Boorchess won by resignation"]

1. d4 Nf6 2. c4 e6 3. f3 c5 4. d5 exd5 5. cxd5 d6 6. e4 g6 7. Ne2 Bg7 8. Nec3 O-O 9. Bg5 Nbd7 10. Be2 h6 11. Be3 Re8 12. O-O Ne5 13. Nd2 Bd7 14.
a4 Rc8 15. b3 a6 16. h3 g5 17. a5 Ng6 18. Nc4 Nh5 19. Rc1 Qe7 20. Re1 Ngf4 21. Bf1 Ng3 22. Qd2 Ng6 23. Qf2 Be5 24. Nxe5 Qxe5 25.
Bc4 Nf4 26. Qxg3 Ne2+ 27. Nxe2 1-0

[Event "Early-Titled-Tuesday-Blitz-April-16-2024"]
[Site "Chess.com"]
[Date "2024.04.16"]
[Round "6"]
[White "Jospem"]
[Black "dmosesov"]
[Result "1-0"]
[WhiteElo "3061"]
[BlackElo "2632"]
[TimeControl "180+1"]
[EndTime "9:06:10 PDT"]
[Termination "Jospem won by resignation"]

1. e4 e5 2. Nf3 Nc6 3. Nc3 Nf6 4. h3 Bb4 5. a3 Bxc3 6. dxc3 O-O 7. Bd3 d5 8. Bg5 dxe4 9. Bxf6 Qxf6 10. Bxe4 Bf5 11. Qe2 Bxe4 12. Qxe4 Qg6 13. Qxg6 hxg6 14. O-O-O Rad8 15.
b4 a6 16. c4 f6 17. c3 Kf7 18. Kc2 g5 19. Nd2 f5 20. Rhe1 Kf6 21. Nf1 Rxd1 22. Rxd1 Rd8 23. Re1 g6 24. Ne3 Ne7 25. a4 c6 26. Rb1 Ke6 27. Re1 Kf6 28. f3 Nc8 29. c5 Ne7 30. Nc4 Rd5 31. Nd6 b6 32. Ne8+ Kf7 33.
Nc7 bxc5 34. Nxd5 Nxd5 35. bxc5 Ke6 36. Rb1 Ne3+ 37. Kd2 Nxg2 38. Rb6 Nh4 39. Ke2 Kd5 40. Rxa6 Kxc5 41. Ra8 e4 42. fxe4 fxe4 43. a5 Nf5 44.
Rb8 Nd6 45. a6 Nb5 46. Rxb5+ 1-0

[Event "Early-Titled-Tuesday-Blitz-April-16-2024"]
[Site "Chess.com"]
[Date "2024.04.16"]
[Round "6"]
[White "Lily_Schirmbeck"]
[Black "Kushch_Nikolai"]
[Result "1-0"]
[WhiteElo "1562"]
[BlackElo "2362"]
[TimeControl "180+1"]
[EndTime "9:06:21 PDT"]
[Termination "Lily_Schirmbeck won by checkmate"]

1. c4 Nf6 2. g3 e5 3. Bg2 Nc6 4. Nc3 Be7 5. d3 O-O 6. Nf3 h6 7. O-O d6 8. a3 Bg4 9. b4 Qd7 10. Bb2 Bh3 11. Qd2 Bxg2 12. Kxg2 a5 13. b5 Nd8 14. a4 Ne6 15. Ba3 Nh5 16. Nd5 f5 17. Nxe7+ Qxe7 18. Nxe5 Rfe8 19. Nf3 Nf6 20. d4 Ne4 21. Qd3 N6g5 22. Rae1 Ne6 23. Nd2 Nxd2 24. Qxd2 f4 25. d5 Ng5 26. Qxf4 Rf8 27. Qd4 b6 28. f3 Rf7 29. e4 Re8 30. h4 Nh7 31. e5 Qf8 32. e6 Rf5 33. Bb2 Re7 34. Re4 Nf6 35. Ree1 h5 36. Kh3 Qe8 37. g4 hxg4+ 38.
fxg4 Rxf1 39. Rxf1 Qg6 40. h5 Qc2 41. Rxf6 gxf6 42.
Qxf6 Qd3+ 43. Kh4 Rh7 44. e7 Qe4 45. Qf8# 1-0

[Event "Early-Titled-Tuesday-Blitz-April-16-2024"]
[Site "Chess.com"]
[Date "2024.04.16"]
[Round "6"]
[White "GAO"]
[Black "Chess4always"]
[Result "1-0"]
[WhiteElo "2327"]
[BlackElo "2005"]
[TimeControl "180+1"]
[EndTime "9:06:21 PDT"]
[Termination "GAO won by resignation"]

1. a3 d5 2. Nf3 c6 3. b4 Nf6 4. Bb2 Bg4 5. Ne5 Bh5 6. c4 e6 7. g3 Nbd7 8. Bg2 Be7 9. d3 O-O 10. Nd2 h6 11. O-O Nxe5 12. Bxe5 Bg6 13. Qc2 Bd6 14. Bb2 Rc8 15. Nf3 Re8 16. Ne5 Bh7 17. f4 Nd7 18. e4 Bxe5 19. fxe5 dxe4 20. d4 Qb6 21. Bxe4 Bxe4 22. Qxe4 Nf8 23. Rf2 Red8 24. Raf1 Rc7 25. Bc3 Qa6 26. Qd3 Rcd7 27. Bb2 b5 28. cxb5 Qxb5 29. Qxb5 cxb5 30. Rc1 Ng6 31. Rc5 a6 32. Rc6 Ra8 33. Rfc2 Ne7 34. R6c5 Nd5 35. Rc8+ Rxc8 36. Rxc8+ Kh7 37. Ra8 Ne3 38. Rxa6 Nc2 39.
Rd6 Nxd4 40. Bxd4 Rc7 41. Bc5 1-0